 Dungeon Crawl Stone Soup version 0.20.1-1-g8b1a95d (webtiles) character file.

227 manyhoops the Vandal (level 6, -1/35 HPs)
             Began as a Kobold Hunter on July 12, 2017.
             Was an Initiate of Ashenzari.
             Slain by a worker ant (2 damage)
             ... on level 4 of the Dungeon.
             The game lasted 00:07:35 (3427 turns).

manyhoops the Vandal (Kobold Hunter)                Turns: 3427, Time: 00:07:37

Health: -1/35      AC:  5    Str:  7 (9)  XL:     6   Next: 22%
Magic:  6/6        EV: 14    Int: 10 (13) God:    Ashenzari [......]
Gold:   209        SH:  4    Dex: 14 (17) Spells: 5/5 levels left

rFire    x . .     SeeInvis .   k - +2 hunting sling (freeze)
rCold    + . .     Gourm    .   (shield restricted)
rNeg     . . .     Faith    .   c - +0 leather armour
rPois    .         Spirit   .   s - +1 helmet
rElec    .         Reflect  +   (no cloak)
rCorr    .         Harm     .   (no gloves)
MR       .....                  (no boots)
Stlth    +.........             r - +4 amulet of reflection
Regen    0.2/turn               l - ring of loudness (curse)
MPRegen  0.1/turn               q - ring of ice

@: flying
A: carnivore 3
a: Curse Item, Renounce Religion


You were on level 4 of the Dungeon.
You worshipped Ashenzari.
Ashenzari was noncommittal.
You were not hungry.

You visited 2 branches of the dungeon, and saw 5 of its levels.

You collected 209 gold pieces.

Inventory:

Hand Weapons
 b - a +0 short sword {w}
 k - a +2 hunting sling of freezing (weapon)
Missiles
 j - 118 stones (quivered)
Armour
 c - a +0 leather armour (worn)
 s - a +1 helmet (worn)
Jewellery
 l - a cursed ring of loudness (left hand)
 p - a cursed -2 ring of evasion
 q - a ring of ice (right hand)
 r - a +4 amulet of reflection (around neck)
 A - an uncursed ring of poison resistance
Wands
 n - a wand of lightning (8/15)
 y - a wand of acid (11/15)
Scrolls
 a - a scroll of teleportation
 m - 3 scrolls of enchant armour
 t - a scroll of magic mapping
 w - a scroll of remove curse
 x - 2 scrolls of identify
Potions
 e - a potion of magic
 o - a potion of berserk rage {unknown}
 u - a potion of brilliance {unknown}
 v - a potion of lignification {unknown}
Comestibles
 f - a meat ration
 z - a royal jelly


   Skills:
 - Level 2.1 Fighting
 + Level 5.4 Short Blades
 - Level 5.4 Slings
 + Level 2.6 Dodging
 - Level 1.3 Stealth


You had 5 spell levels left.
You didn't know any spells.

Dungeon Overview and Level Annotations

Branches:
Dungeon (4/15)             Temple (1/1) D:4

Altars:
Ashenzari
Cheibriados
Dithmenos
Elyvilon
Fedhas
Gozag
Hepliaklqana
Kikubaaqudgha
Makhleb
Nemelex Xobeh
Okawaru
Qazlal
Ru
Sif Muna
Trog
Uskayaw
Vehumet
Xom
Yredelemnul
Zin
The Shining One

Annotations:
D:4 Salad's ghost, amateur DrGl


Innate Abilities, Weirdness & Mutations

You are small and have problems with some larger weapons.
You are carnivorous and can eat meat at any time.


Message History

You feel better. The worker ant barely misses you. The iguana bites you.
* * * LOW HITPOINT WARNING * * *
The iguana is no longer moving slowly.
The orc wizard casts a spell.
The orc wizard seems to speed up.
The worker ant completely misses you. You block the worker ant's attack.
It was a potion of degeneration.
There was something very wrong with that liquid.
You feel weakened.
You feel dopey.
You feel clumsy. The worker ant misses you. The iguana bites you.
* * * LOW HITPOINT WARNING * * *
The orc wizard hits you but does no damage.
The worker ant closely misses you. The iguana barely misses you.
It was a potion of flight.
You feel very buoyant.
You fly up into the air.
You feel yourself speed up.
The orc wizard hits you but does no damage.
The worker ant bites you.
You die...

# #....#'#...#.....#
##'#..#
###................#
#.#...
...................#
#.##..
...............#...#
#.....
...............'...#
#####.
....###########.%..#
#. ....#
#..........# #.
....# #........o.#
## ....#
#.......@a.# #((
....#
########.l.##..(..
....# #....)(...(
....# #...(......
)[..# #..........
###........
####.(... #####


You could see an iguana, a worker ant and an orc wizard.

Vanquished Creatures
  A howler monkey (D:3)
  An orc priest (D:4)
  A worker ant (D:4)
  A hound skeleton (D:4)
  4 adders
  5 worms
  A dart slug (D:1)
  4 leopard geckos
  6 orcs
  A ball python (D:1)
  9 bats
  2 giant cockroaches
  8 goblins
  4 hobgoblins
  5 jackals
  4 kobolds
  A quokka (D:3)
  4 frilled lizards
  A leopard gecko skeleton (D:4)
  6 rats
69 creatures vanquished.

Notes
Turn   | Place    | Note
-------+----------+-------------------------------------------
     0 | D:1      | manyhoops the Kobold Hunter began the quest for the Orb.
     0 | D:1      | Reached XP level 1. HP: 12/12 MP: 1/1
   106 | D:1      | Reached XP level 2. HP: 13/17 MP: 2/2
   884 | D:2      | Reached XP level 3. HP: 21/21 MP: 3/3
   967 | D:2      | Reached skill level 5 in Slings
  1418 | D:2      | Reached XP level 4. HP: 26/26 MP: 4/4
  1637 | D:3      | Reached skill level 1 in Short Blades
  2365 | D:3      | Reached XP level 5. HP: 26/30 MP: 5/5
  2890 | D:4      | Reached skill level 5 in Short Blades
  2890 | D:4      | Reached XP level 6. HP: 35/35 MP: 6/6
  2932 | D:4      | Found a staircase to the Ecumenical Temple.
  3065 | D:4      | Noticed Salad's ghost (amateur DrGl)
  3150 | Temple   | Entered the Ecumenical Temple
  3254 | Temple   | Became a worshipper of Ashenzari the Shackled
  3426 | D:4      | HP: 1/35 [iguana (6)]
  3427 | D:4      | Slain by a worker ant

Skill      XL: |  1  2  3  4  5 |
---------------+----------------+-----
Slings         | 5 |  5.4
Short Blades   | 2 5 |  5.4
Fighting       | |  2.1
Dodging        | |  2.6
Stealth        | |  1.3

Action                   |  1- 3 |  4- 6 || total
-------------------------+-------+-------++-------
Melee: Short sword       |    37 |    55 ||    92
 Fire: Hunting sling     |    66 |   104 ||   170
  Use: Scroll            |     2 |     7 ||     9
       Potion            |       |     4 ||     4
  Eat: Chunk             |     1 |     3 ||     4
       Meat ration       |       |     1 ||     1
Armor: Leather armour    |     6 |    19 ||    25
Dodge: Dodged            |    37 |    91 ||   128
Block: Other             |       |    18 ||    18
